 Dungeon Crawl Stone Soup version 0.26.1-11-gd32895ea62 (webtiles) character file.

Game seed: 13313252873815959459

2653 DildoBatman the Thaumaturge (level 9, 0/68 HPs)
             Began as a Formicid Conjurer on July 14, 2021.
             Was an Initiate of Kikubaaqudgha.
             Slain by an orc warrior
             ... wielding a +0 scimitar
              (22 damage)
             ... on level 7 of the Dungeon.
             The game lasted 00:27:32 (6167 turns).

DildoBatman the Thaumaturge (Formicid Conjurer)     Turns: 6167, Time: 00:27:32

Health: 0/68       AC:  5    Str: 12    XL:     9   Next: 93%
Magic:  14/21      EV: 14    Int: 18    God:    Kikubaaqudgha [......]
Gold:   265        SH:  0    Dex: 18    Spells: 21/24 levels left

rFire    . . .     SeeInvis +   b - +0 hunting sling
rCold    + . .     Faith    +   (no shield)
rNeg     . . .     Spirit   .   L - +2 robe {rC+}
rPois    .         Reflect  .   (helmet unavailable)
rElec    .         Harm     .   (no cloak)
rCorr    .         Rampage  .   K - +0 pair of gloves
Will     .....                  (no boots)
Stlth    +++.......             n - amulet of faith
HPRegen  0.21/turn              A - ring of stealth
MPRegen  0.17/turn              B - +6 ring of dexterity

@: no status effects
A: permanent stasis, dig shafts and tunnels, four strong arms, antennae 3
a: Dig, Shaft Self, Renounce Religion


You were on level 7 of the Dungeon.
You worshipped Kikubaaqudgha.
Kikubaaqudgha was noncommittal.
You visited 2 branches of the dungeon, and saw 8 of its levels.

You collected 265 gold pieces.

Inventory:

Hand Weapons
 a - a +1 dagger of protection
 b - a +0 hunting sling (weapon)
 d - a +3 dire flail of venom
Missiles
 h - 10 poisoned darts
 k - 26 sling bullets
 m - 28 bolts
 s - 125 arrows
 w - 78 stones (quivered ammo)
 E - 3 throwing nets
Armour
 K - a +0 pair of gloves (worn)
 L - a +2 robe of cold resistance (worn)
 M - +0 swamp dragon scales
Magical Staves
 D - an uncursed staff of death
Jewellery
 n - an amulet of faith (around neck)
 A - a ring of stealth (left hand)
 B - a +6 ring of dexterity (right hand)
Wands
 j - a wand of digging (1)
 I - a wand of flame (15)
Scrolls
 c - 2 scrolls of fear
 i - 4 scrolls of enchant armour
 x - 3 scrolls of remove curse
 y - 3 scrolls of amnesia
 z - a scroll of identify
 C - a scroll of enchant weapon
 F - 4 scrolls of fog
 G - a scroll of magic mapping {unknown}
Potions
 g - 2 potions of haste {unknown}
 l - 2 potions of mutation {unknown}
 o - 4 potions of attraction {unknown}
 p - 3 potions of heal wounds {unknown}
 q - 4 potions of curing
 r - 2 potions of flight {unknown}
 t - 2 potions of degeneration {unknown}
 u - a potion of magic {unknown}
 v - a potion of brilliance {unknown}
 J - a potion of resistance {unknown}


   Skills:
 - Level 5.0 Fighting
 - Level 5.0 Armour
 - Level 3.0 Dodging
 - Level 2.4 Stealth
 - Level 8.0 Spellcasting
 - Level 6.0 Conjurations
 * Level 5.0 Necromancy


You had 21 spell levels left.
You knew the following spells:

 Your Spells              Type           Power        Failure   Level
a - Searing Ray           Conj           56%          1%          2
c - Magic Dart            Conj           100%         1%          1

Your spell library contained the following spells:

 Spells                   Type           Power        Failure   Level
 Dazzling Flash           Conj/Hex       36%          9%          3
 Corona                   Hex            7%           10%         1
 Ensorcelled Hibernation  Hex/Ice        14%          14%         2
 Confusing Touch          Hex            7%           28%         3
 Tukima's Dance           Hex            7%           28%         3
 Fulminant Prism          Conj/Hex       9%           28%         4
 Iskenderun's Mystic Bla  Conj/Tloc      18%          28%         4


Dungeon Overview and Level Annotations

Branches:
Dungeon (7/15)             Temple (1/1) D:6

Altars:
Ashenzari
Cheibriados
Dithmenos
Elyvilon
Fedhas
Gozag
Hepliaklqana
Kikubaaqudgha
Makhleb
Nemelex Xobeh
Qazlal
Ru
Sif Muna
Uskayaw
Vehumet
Xom
Yredelemnul
Zin
The Shining One

Annotations:
D:3 exclusion: 2 phantoms
D:4 2 transporters, exclusions: 2 hounds, ogre, phantom, sensed monster (detected) and 2 more exclusions, Eustachio
D:5 exclusions: gnoll, 5 sensed monsters (detected), sky beast and 1 more exclusion


Innate Abilities, Weirdness & Mutations

You cannot be hasted, slowed, berserked, paralysed or teleported.
You can dig through walls and to a lower floor.
Your four strong arms can wield two-handed weapons with a shield.
You have a pair of large antennae on your head. (SInv)


Message History

The searing ray hits the orc warrior.
The orc warrior is heavily wounded.
The searing ray hits the orc!
You kill the orc!
Kikubaaqudgha accepts your kill.
You finish channeling your searing ray.
Your Necromancy skill increases to level 5!
Casting: Searing Ray (safe; 1% risk of failure)
Confirm with . or Enter, or press ? or * to list all spells.
Aiming: Searing Ray (safe; 1% risk of failure)
Press: ? - help, Shift-Dir - straight line, f - orc
Aim: an orc, wielding a +0 mace and wearing a +0 ring mail (18% to evade)
The searing ray hits the orc warrior.
The orc warrior is severely wounded.
The searing ray hits the orc.
The orc is heavily wounded. (Press . to maintain the ray.)
The orc warrior hits you with a +0 scimitar!!
You die...
Kikubaaqudgha rasps: "You have failed me!
Welcome... death!"

#..# #..## ###
#...### #.#
#.....## #)#
#......# #.#
##..<...###.#
##....^..##)##
###........#†##
#..@##......##
#...##o##.....#
#...#.###)#.....#
..##...###o#....#
. #...####....## .
##....# ##...#
..###.....#####(##
........o....{..#
...#.#.#{#.#.#..#


You could see an orc warrior and an orc.

Vanquished Creatures
  Pikel (D:6)
  Maggie (D:6)
  Edmund (D:6)
  A black bear (D:5)
  2 sky beasts (D:5)
  2 ogres
  5 centaurs
  3 lemures (D:6)
  2 bullfrogs
  A scorpion (D:6)
  5 wights (D:3)
  A howler monkey (D:5)
  A quasit (D:6)
  2 hounds (D:5)
  A gnoll shaman (D:5)
  An orc priest (D:7)
  3 orc wizards
  2 worker ants (D:6)
  A hound skeleton (D:5)
  5 gnolls (D:5)
  A howler monkey skeleton (D:6)
  8 adders
  A shadow imp (D:6)
  A white imp (D:5)
  An ufetubus (D:5)
  An ooze (D:2)
  An adder skeleton (D:6)
  3 worms
  2 dart slugs (D:3)
  5 leopard geckos
  17 orcs
  11 bats
  5 giant cockroaches
  7 goblins
  4 hobgoblins
  4 jackals (D:6)
  5 kobolds
  4 quokkas
  A frilled lizard (D:2)
  A quokka zombie (D:6)
  6 rats
130 creatures vanquished.

Notes
Turn   | Place    | Note
-------+----------+-------------------------------------------
     0 | D:1      | DildoBatman the Formicid Conjurer began the quest for the
                  | Orb.
     0 | D:1      | Reached XP level 1. HP: 13/13 MP: 3/3
   220 | D:1      | Reached XP level 2. HP: 17/19 MP: 3/5
   233 | D:1      | Learned a level 2 spell: Searing Ray
   700 | D:2      | Reached XP level 3. HP: 22/24 MP: 1/6
   889 | D:2      | Found a blossoming altar of Fedhas.
  1008 | D:2      | Reached XP level 4. HP: 30/30 MP: 4/7
  1024 | D:2      | Reached skill level 5 in Conjurations
  1534 | D:3      | Reached XP level 5. HP: 28/35 MP: 3/8
  1650 | D:3      | Reached skill level 1 in Fighting
  1650 | D:3      | Reached skill level 1 in Armour
  1650 | D:3      | Reached XP level 6. HP: 18/43 MP: 1/9
  2041 | D:4      | Found a shadowy altar of Dithmenos.
  2041 | D:4      | Noticed an ice beast
  2054 | D:4      | Found a transporter.
  2067 | D:4      | Found a transporter.
  2111 | D:4      | Reached skill level 3 in Spellcasting
  2114 | D:4      | Noticed Eustachio
  2377 | D:4      | Reached skill level 4 in Spellcasting
  2377 | D:4      | Reached XP level 7. HP: 44/50 MP: 7/13
  2729 | D:4      | Found a burning altar of Makhleb.
  2883 | D:4      | Found a shimmering altar of Xom.
  3354 | D:5      | Entered Level 5 of the Dungeon
  3546 | D:5      | Reached skill level 5 in Spellcasting
  3851 | D:5      | Reached skill level 6 in Spellcasting
  3851 | D:5      | Reached XP level 8. HP: 49/56 MP: 6/17
  4038 | D:5      | Reached skill level 7 in Spellcasting
  4283 | D:5      | Found a radiant altar of Vehumet.
  4846 | D:6      | Noticed Edmund
  5412 | D:6      | Reached XP level 9. HP: 48/64 MP: 10/20
  5539 | D:6      | Found a staircase to the Ecumenical Temple.
  5562 | Temple   | Entered the Ecumenical Temple
  5633 | Temple   | Became a worshipper of Kikubaaqudgha
  5686 | D:6      | Noticed Pikel
  5704 | D:6      | Killed Pikel
  5705 | D:6      | Reached skill level 5 in Fighting
  5705 | D:6      | Reached skill level 5 in Armour
  5705 | D:6      | Reached skill level 8 in Spellcasting
  5705 | D:6      | Reached skill level 1 in Necromancy
  5810 | D:6      | Noticed Maggie
  5822 | D:6      | Killed Maggie
  5975 | D:6      | Killed Edmund
  6135 | D:7      | Found a white marble altar of Elyvilon.
  6167 | D:7      | Reached skill level 5 in Necromancy
  6167 | D:7      | Slain by an orc warrior

Illustrated notes

Levels and vault maps discovered:
D:1:      elethiomel_arrival_quiet, layout_basic, kennysheep_crisscross
D:2:      layout_loops_ring, fedhas_altar_fruit_tree
D:3:      layout_rooms, minmay_crystal_room, minmay_misc_feat_four_crosses
D:4:      layout_gridville, gammafunk_temple_overflow_arena,
          general_overflow_altar, makhleb_blood_cavern_becter, uniq_eustachio
D:5:      layout_gridville, okawaru_altar_gauntlet_db, vehumet_altar_wand_db
D:6:      layout_basic, temple_pool_b, uniq_maggie, uniq_pikel, uniq_edmund
D:7:      layout_cave_pods, enter_bailey_5, minmay_misc_feat_hallway,
          elyvilon_altar_5
Temple:   nicolae_temple_great_sept

Skill      XL: |  1  2  3  4  5  6  7  8  9 |
---------------+----------------------------+-----
Conjurations   | 4 5 6 |  6.0
Fighting       | 1 2 3 5 |  5.0
Armour         | 1 2 3 5 |  5.0
Spellcasting   | 4 6 7 8 |  8.0
Dodging        | 2 3 |  3.0
Necromancy     | 5 |  5.0
Stealth        | |  2.4

Action                   |  1- 3 |  4- 6 |  7- 9 || total
-------------------------+-------+-------+-------++-------
Melee: Club              |     3 |       |       ||     3
       Dagger            |    19 |    11 |    15 ||    45
 Fire: Hunting sling     |    28 |    57 |    65 ||   150
 Cast: Magic Dart        |    16 |     8 |     8 ||    32
       Searing Ray       |     5 |    13 |    56 ||    74
 Abil: Dig               |     1 |     3 |    34 ||    38
  Use: Scroll            |       |     3 |     6 ||     9
       Potion            |       |       |     1 ||     1
 Stab: Sleeping          |       |       |     1 ||     1
Armor: Robe              |    13 |     2 |    14 ||    29
Dodge: Dodged            |    15 |    23 |    55 ||    93
